 Dungeon Crawl Stone Soup version 0.27.1-33-g824d729ab1 (webtiles) character file.

Game seed: 18063238853811229280

2597 zeram the Blocker (level 9, -1/51 HPs)
             Began as a Gargoyle Fighter on Dec 28, 2021.
             Was a Believer of Qazlal.
             Slain by a shadow (2 damage)
             ... on level 1 of the Abyss.
             The game lasted 00:20:56 (10309 turns).

zeram the Blocker (Gargoyle Fighter)               Turns: 10309, Time: 00:20:56

Health: -1/51      AC: 18    Str: 23    XL:     9   Next: 59%
Magic:  0/9        EV:  9    Int: 15    God:    Qazlal [**....]
Gold:   392        SH: 13    Dex:  9    Spells: 8/8 levels left

rFire    . . .     SeeInvis +   x - +0 mace (holy)
rCold    . . .     Faith    .   c - +0 kite shield
rNeg     + . .     Spirit   +   b - +0 scale mail
rPois    ∞         Reflect  .   z - +2 hat
rElec    +         Harm     .   e - scarf {shadows}
rCorr    .         Rampage  .   (no gloves)
Will     .....                  B - +1 pair of boots
Stlth    ..........             A - amulet of guardian spirit
HPRegen  0.17/turn              i - +6 ring of intelligence
MPRegen  0.11/turn              d - ring of see invisible

@: no status effects
A: sickness immunity, AC +6, negative energy resistance 1, electricity
resistance, torment resistance 1, petrification resistance
a: Renounce Religion, Upheaval


You were on level 1 of the Abyss.
You worshipped Qazlal.
Qazlal was pleased with you.
You visited 2 branches of the dungeon, and saw 8 of its levels.
You visited the Abyss 1 time.
You also visited: Sewer.

You collected 392 gold pieces.

Inventory:

Hand Weapons
 a - a +0 flail
 x - a +0 mace of holy wrath (weapon)
Missiles
 k - 319 stones (quivered)
Armour
 b - a +0 scale mail (worn)
 c - a +0 kite shield (worn)
 e - a scarf of shadows (worn)
 z - a +2 hat (worn)
 B - a +1 pair of boots (worn)
Jewellery
 d - a ring of see invisible (right hand)
 i - a +6 ring of intelligence (left hand)
 n - a ring of fire
 p - an amulet of faith
 r - an amulet of magic regeneration
 A - an amulet of guardian spirit (around neck)
Wands
 w - a wand of paralysis (15)
Scrolls
 f - 2 scrolls of teleportation
 h - a scroll of magic mapping
 m - a scroll of blinking
 q - 3 scrolls of fog
 v - 2 scrolls of identify
 y - a scroll of amnesia
Potions
 g - a potion of brilliance
 l - a potion of mutation
 u - 3 potions of flight


   Skills:
 - Level 3.2 Fighting
 + Level 8.0 Maces & Flails
 + Level 7.3 Armour
 + Level 3.4 Dodging
 + Level 8.2 Shields


You had 8 spell levels left.
You didn't know any spells.
Your spell library contained the following spells:

 Spells                   Type           Power      Damage    Failure   Level
 Shock                    Conj/Air       0%         1d3       82%         1
 Gell's Gravitas          Tloc           0%         N/A       99%         3
 Swiftness                Air            0%         N/A       99%         3
 Teleport Other           Tloc           0%         N/A       99%         3
 Airstrike                Air            0%         N/A       100%        4
 Petrify                  Tmut/Erth      0%         N/A       100%        4
 Sticky Flame             Conj/Fire      0%         2d3       100%        4
 Irradiate                Conj/Tmut      0%         3d13      100%        5
 Dispersal                Tloc           0%         N/A       100%        6
 Ignition                 Fire           0%         3d3       100%        8
 Necromutation            Tmut/Necr      0%         N/A       100%        8
 Sublimation of Blood     Necr           Unusable   N/A       N/A         2

Dungeon Overview and Level Annotations

Branches:
Dungeon (7/15)             Temple (1/1) D:4           Sewer (visited)

Altars:
Ashenzari
Cheibriados
Elyvilon
Fedhas
Gozag
Hepliaklqana
Kikubaaqudgha
Makhleb
Qazlal
Uskayaw
Vehumet
Xom
Yredelemnul
Zin
Beogh

Annotations:
D:6 jlumianski's ghost, novice GnMo


Innate Abilities, Weirdness & Mutations

You are immune to sickness and miasma.
Your stone body is resilient. (AC +6)
You are immune to poison.
You resist negative energy. (rN+)
You are resistant to electric shocks. (rElec)
You are resistant to unholy torment.
You are immune to petrification.


Message History

The black draconian breathes lightning at you.
The bolt of lightning hits you! You resist.
* * * LOW HITPOINT WARNING * * *
A large abomination comes into view.
A lich comes into view.
The ufetubus disappears in a puff of smoke!
The ancient zyme barely misses you. You block the ancient zyme's attack.
Press: ? - help, v - describe, . - travel
Here: an ancient zyme The floor.
You feel better.
Found a shortbow.
Your extra speed is starting to run out.
A rust devil comes into view.
The rust devil screeches!
You feel yourself slow down.
Found a runed rapier.
You block the rust devil's attack.
A starcursed mass comes into view.
A starcursed mass splits.
A starcursed mass splits.
A chorus of shrieks assaults your mind.
The starcursed mass shrieks in your mind.
* * * LOW HITPOINT WARNING * * *
A chorus of shrieks assaults your mind.
* * * LOW HITPOINT WARNING * * *
You enter the shallow water.
Moving in this stuff is going to be slow.
A starcursed mass splits.
The rust devil hits you. The rust devil corrodes you!
A chorus of shrieks assaults your mind.
* * * LOW HITPOINT WARNING * * *
A spatial vortex comes into view.
A spatial vortex comes into view.
You are no longer corroded.
A blink frog comes into view.
You hear a croak.
A bone dragon comes into view.
A shadow comes into view.
The starcursed mass shrieks in your mind.
* * * LOW HITPOINT WARNING * * *
The blink frog blinks!
The shadow hits you.
You die...

.## #.#. ##..
.... .D# #..
#W## # #. .
#@##§###...
v##
##..§.#..#...
.
##.###...#v..
##4..# ....
#F..##..#
#...X#..#
#.#§##x.#
#.##.X.§.#
#.##.§ ####


You could see a bone dragon, a starcursed mass, a rust devil, a blink frog and a
shadow.

Vanquished Creatures
  A wyvern (D:7)
  A wraith (D:5)
  Eustachio (D:4)
  4 black bears
  2 necrophages (D:5)
  2 ogres (D:5)
  A kobold brigand (Sewer)
  A scorpion (D:5)
  A small abomination (Abyss:1)
  A water moccasin zombie (D:5)
  2 water moccasin skeletons (D:5)
  7 wights
  A howler monkey (D:7)
  A bullfrog zombie (D:5)
  A centaur zombie (D:7)
  A centaur skeleton (D:6)
  A hound (D:6)
  A jelly (D:7)
  A gnoll shaman (D:7)
  4 iguanas
  4 orc wizards
  2 killer bee zombies
  A hound zombie (D:5)
  A hound skeleton (D:5)
  5 gnolls (D:7)
  2 howler monkey skeletons (D:5)
  11 adders
  4 river rats (Sewer)
  5 white imps
  3 ufetubi
  A worm (D:2)
  2 dart slugs
  14 orcs
  5 bats
  9 endoplasms
  8 giant cockroaches
  10 goblins
  6 hobgoblins
  5 jackals
  A quokka (D:3)
  8 ball pythons
  5 frilled lizards
  9 kobolds
  7 rats
163 creatures vanquished.

Vanquished Creatures (others)
  8 plants (D:3)
8 creatures vanquished.

Grand Total: 171 creatures vanquished

Notes
Turn   | Place    | Note
-------+----------+-------------------------------------------
     0 | D:1      | zeram the Gargoyle Fighter began the quest for the Orb.
     0 | D:1      | Reached XP level 1. HP: 14/14 MP: 1/1
   440 | D:1      | Reached XP level 2. HP: 19/19 MP: 2/2
   774 | D:1      | Reached XP level 3. HP: 17/23 MP: 3/3
  1415 | D:1      | Found a faded altar of an unknown god.
  2038 | D:2      | Found a radiant altar of Vehumet.
  2111 | D:2      | Reached XP level 4. HP: 23/28 MP: 4/4
  4292 | D:4      | Reached XP level 5. HP: 32/32 MP: 5/5
  4370 | D:4      | Reached skill level 1 in Dodging
  4577 | D:4      | Found a glowing drain.
  4613 | Sewer    | Entered a sewer
  4646 | Sewer    | Reached XP level 6. HP: 34/37 MP: 4/6
  4935 | Sewer    | Found a white marble altar of Elyvilon.
  5043 | D:4      | Reached skill level 5 in Shields
  5068 | D:4      | Found a staircase to the Ecumenical Temple.
  5094 | D:4      | Noticed Eustachio
  5118 | D:4      | Killed Eustachio
  5384 | D:4      | Reached XP level 7. HP: 41/41 MP: 7/7
  5736 | Temple   | Entered the Ecumenical Temple
  5928 | Temple   | Became a worshipper of Qazlal Stormbringer
  5967 | D:5      | Entered Level 5 of the Dungeon
  5979 | D:5      | Reached skill level 5 in Armour
  6307 | D:5      | Reached skill level 5 in Maces & Flails
  6406 | D:5      | Reached XP level 8. HP: 21/46 MP: 4/8
  6909 | D:5      | Reached * piety under Qazlal
  7206 | D:5      | Got the Almanac of Fire and Shape Shifting
  7313 | D:6      | Noticed a wraith
  7340 | D:5      | Killed a wraith
  7525 | D:6      | Reached XP level 9. HP: 34/51 MP: 6/9
  8178 | D:7      | Found a runed translucent gate.
  8178 | D:7      | Found a runed translucent gate.
  8182 | D:7      | Found a runed translucent gate.
  8760 | D:7      | Reached ** piety under Qazlal
  9330 | D:7      | Noticed jlumianski's ghost (novice GnMo)
  9504 | D:7      | Identified the +10 plate armour of Ikavidee {+Inv Stlth+}
  9536 | D:7      | HP: 1/51 [orc warrior (16)]
 10081 | D:6      | Cast into level 1 of the Abyss (orc warrior)
 10178 | Abyss:1  | Noticed a hellwing
 10239 | Abyss:1  | Noticed a black draconian
 10240 | Abyss:1  | Noticed a lich
 10241 | Abyss:1  | Noticed an ancient zyme
 10274 | Abyss:1  | Noticed a rust devil
 10284 | Abyss:1  | Noticed a starcursed mass
 10293 | Abyss:1  | HP: 1/51 [starcursed mass/accursed screaming (6)]
 10307 | Abyss:1  | Noticed a bone dragon
 10308 | Abyss:1  | HP: 1/51 [starcursed mass/accursed screaming (3)]
 10309 | Abyss:1  | Slain by a shadow

Illustrated notes

Levels and vault maps discovered:
D:1:      nicolae_arrival_washed_ashore, layout_basic,
          shapermc_ecumenical_altar_mp_vishouse, minmay_surrounded
D:2:      layout_loops_ring, basic_altar
D:3:      minmay_inner_zag, layout_loops_ring, chequers_big_river
D:4:      layout_basic, minmay_temple_entry_glassed_door, gup_sewer_entry_glass,
          serial_bayou_pond_d, uniq_eustachio
D:5:      minmay_octagon_keep, layout_basic, grunt_ministairs_15, abandoned_shop
D:6:      minmay_klotski, layout_basic
D:7:      layout_layer_cave, biasface_ghost_orc_armoury
Temple:   eino_narrow_crystal_temple
Abyss:1:  base: Temple, minivault_23, hangedman_abyss_shoalhut

Skill      XL: |  1  2  3  4  5  6  7  8  9 |
---------------+----------------------------+-----
Maces & Flails | 3 4 5 7 8 |  8.0
Shields        | 4 5 6 7 8 |  8.2
Armour         | 4 5 6 7 |  7.3
Dodging        | 1 2 3 |  3.4
Fighting       | |  3.2

Action                   |  1- 3 |  4- 6 |  7- 9 || total
-------------------------+-------+-------+-------++-------
Melee: Flail             |   137 |   104 |       ||   241
       Mace              |       |   167 |   444 ||   611
  Use: Potion            |       |     5 |     9 ||    14
       Scroll            |       |       |    14 ||    14
Armor: Scale mail        |   120 |   171 |   284 ||   575
       Skin              |       |    11 |       ||    11
Dodge: Dodged            |    67 |    86 |   200 ||   353
Block: Kite shield       |   100 |   165 |   352 ||   617
